 Dungeon Sprint DCSS version 0.23.2 (webtiles) character file.

Game seed: 18374701464091876487

13 MartialLaw the Shield-Bearer (level 2, -11/20 HPs)
             Began as a Gargoyle Fighter on Mar 31, 2019.
             Was a Follower of Cheibriados.
             Mangled by an orc warrior
             ... wielding a +0 trident
              (15 damage)
             ... in the Dungeon (Sprint VII: "The Pits").
             The game lasted 00:00:51 (148 turns).

MartialLaw the Shield-Bearer (Gargoyle Fighter)      Turns: 148, Time: 00:00:51

Health: -11/20     AC:  9    Str: 21    XL:     2   Next: 37%
Magic:  2/2        EV:  7    Int: 10    God:    Cheibriados [*.....]
Gold:   0          SH:  9    Dex: 11    Spells: 1/1 levels left

rFire    . . .     SeeInvis .   a - +0 flail
rCold    . . .     Gourm    .   c - +0 shield
rNeg     + . .     Faith    .   b - +0 scale mail
rPois    ∞         Spirit   .   (no helmet)
rElec    +         Reflect  .   (no cloak)
rCorr    .         Harm     .   (no gloves)
MR       .....     NoTele   +   (no boots)
Stlth    ..........             (no amulet)
HPRegen  0.06/turn              (no ring)
MPRegen  0.08/turn              (no ring)

@: very slow
A: negative energy resistance 1, electricity resistance, unbreathing,
petrification resistance, rot immunity, AC +2
a: Bend Time, Renounce Religion


You were in the Dungeon.
You worshipped Cheibriados.
Cheibriados was aware of your devotion.
You were not hungry.

You visited 1 branch

Inventory:

Hand Weapons
 a - a +0 flail (weapon)
Armour
 b - a +0 scale mail (worn)
 c - a +0 shield (worn)
Scrolls
 k - a scroll of blinking
 n - 3 scrolls of remove curse
 o - 5 scrolls of amnesia
 p - a scroll of summoning
Potions
 d - a potion of might
 e - a potion of curing
 g - a potion of heal wounds
 h - a potion of haste
 i - 4 potions of magic
 j - 3 potions of berserk rage
 m - 2 potions of invisibility
Comestibles
 f - 9 rations
 l - 5 chunks of flesh


   Skills:
 + Level 4.1 Fighting
 + Level 2.6 Maces & Flails
 + Level 4.1 Armour
 + Level 4.4 Shields


You had one spell level left.
You didn't know any spells.
Your spell library was empty.

Dungeon Overview and Level Annotations

Branches:
Dungeon (1/1)

Altars:
Ashenzari
Cheibriados
Dithmenos
Elyvilon
Fedhas
Gozag
Hepliaklqana
Kikubaaqudgha
Makhleb
Nemelex Xobeh
Okawaru
Qazlal
Ru
Sif Muna
Trog
Uskayaw
Vehumet
Wu Jian
Xom
Yredelemnul
Zin
The Shining One
Beogh
Jiyva
Lugonu


Innate Abilities, Weirdness & Mutations

You are resistant to torment.
Your stone body is resilient. (AC +2)
You are immune to poison.
You resist negative energy. (rN+)
You are resistant to electric shocks. (rElec)
You can survive without breathing.
You are immune to petrification.
You are immune to rotting.


Message History

You see here a stone.
You hit the kobold.
You kill the kobold!
Cheibriados appreciates the change of pace.
The orc warrior hits you but does no damage.
The orc warrior hits you with a +0 trident!
Ouch! That really hurt!
* * * LOW HITPOINT WARNING * * *
You see here a cursed -1 dagger.
You closely miss the orc warrior. The orc warrior barely misses you.
You hit the orc warrior but do no damage.
The orc warrior barely misses you.
You hit the orc warrior.
The orc warrior is lightly wounded.
You block the orc warrior's attack.
You hit the orc warrior but do no damage.
The orc warrior is lightly wounded.
The orc warrior hits you with a +0 trident!
Ouch! That really hurt!
You die...

#'#####'#####.....
#.#.....# #.....
#.#.....# ####'#
#.###+### #.....
#.# #..... #.#
#..... #.# #...<.
#(# #..... #@#
#..... #o# #.....
#o. ###### #..#
#.## #.. #.# #..


You could see an orc warrior and an orc.

Vanquished Creatures
  An ooze (D)
  A ball python (D)
  4 jackals (D)
  A kobold (D)
7 creatures vanquished.

Notes
Turn   | Place    | Note
-------+----------+-------------------------------------------
     0 | D        | MartialLaw the Gargoyle Fighter began the quest for the
                  | Orb.
     0 | D        | Reached XP level 1. HP: 14/14 MP: 1/1
    82 | D        | Found a bloodstained altar of Trog.
    82 | D        | Found a deep blue altar of Sif Muna.
    82 | D        | Found a viscous altar of Jiyva.
    82 | D        | Found a hazy altar of Hepliaklqana.
    82 | D        | Found an opulent altar of Gozag.
    83 | D        | Found a glowing golden altar of the Shining One.
    83 | D        | Found a glowing silver altar of Zin.
    83 | D        | Found a basalt altar of Yredelemnul.
    83 | D        | Found a shimmering altar of Xom.
    83 | D        | Found an ornate altar of the Wu Jian Council.
    83 | D        | Found a sacrificial altar of Ru.
    83 | D        | Found a stormy altar of Qazlal.
    83 | D        | Found an iron altar of Okawaru.
    83 | D        | Found a sparkling altar of Nemelex Xobeh.
    83 | D        | Found a burning altar of Makhleb.
    83 | D        | Found a blossoming altar of Fedhas.
    83 | D        | Found a white marble altar of Elyvilon.
    83 | D        | Found a shadowy altar of Dithmenos.
    83 | D        | Found a snail-covered altar of Cheibriados.
    85 | D        | Found a radiant altar of Vehumet.
    85 | D        | Found a corrupted altar of Lugonu.
    85 | D        | Found a roughly hewn altar of Beogh.
    86 | D        | Found a hide-covered altar of Uskayaw.
    86 | D        | Found an ancient bone altar of Kikubaaqudgha.
    86 | D        | Found a shattered altar of Ashenzari.
    96 | D        | Became a worshipper of Cheibriados the Contemplative
   116 | D        | Reached XP level 2. HP: 17/20 MP: 2/2
   118 | D        | Reached * piety under Cheibriados
   138 | D        | Noticed an orc warrior
   148 | D        | Mangled by an orc warrior

Skill      XL: |  1  2 |
---------------+-------+-----
Shields        | 4 |  4.4
Fighting       | 4 |  4.1
Armour         | 4 |  4.1
Maces & Flails | |  2.6

Action                   || total
-------------------------++-------
Melee: Flail             ||    21
Armor: Scale mail        ||    10
Dodge: Dodged            ||     9
Block: Shield            ||    12
